 Dungeon Crawl Stone Soup version 0.22-a0-467-g5c5de1cb09 (webtiles) character file.

147 HANFGEIST the Insei (level 5, 0/49 HPs)
             Began as an Octopode Transmuter on June 10, 2018.
             Succumbed to a worker ant's poison
             ... on level 3 of the Dungeon.
             The game lasted 00:03:21 (1720 turns).

HANFGEIST the Insei (Octopode Transmuter)           Turns: 1720, Time: 00:03:22

Health: 0/49       AC: 22    Str:  9    XL:     5   Next: 29%
Magic:  5/9        EV:  2    Int: 16    God:
Gold:   121        SH:  0    Dex: 13    Spells: 3/9 levels left

rFire    . . .     SeeInvis .     - Unarmed
rCold    . . .     Gourm    +   (no shield)
rNeg     + + +     Faith    .   (helmet currently unavailable)
rPois    +         Spirit   .   j - amulet of the gourmand
rElec    .         Reflect  .   (no ring)
rCorr    .         Harm     .   (no ring)
MR       .....     NoTele   +   (no ring)
Stlth    ++........             (no ring)
HPRegen  0.16/turn              (no ring)
MPRegen  0.11/turn              (no ring)
                                (no ring)
                                (no ring)

@: lethally poisoned (0 -> -6), tree-form
A: almost no armour, stealthy swim, (amphibious), 8 rings, (constrict 8)
a: no special abilities


You were on level 3 of the Dungeon.
You were completely stuffed.
You were a tree.
You visited 1 branch of the dungeon, and saw 3 of its levels.

You collected 121 gold pieces.

Inventory:

Missiles
 a - 26 arrows
Jewellery
 j - an amulet of the gourmand (around neck)
Scrolls
 d - a scroll of enchant armour {unknown}
 g - a scroll of teleportation {unknown}
 h - a scroll of fog {unknown}
 i - 2 scrolls of fear {unknown}
 l - 5 scrolls of identify {unknown}
 m - 2 scrolls of remove curse {unknown}
 n - a scroll of random uselessness {unknown}
 o - a scroll of magic mapping {unknown}
Potions
 b - 2 potions of heal wounds {unknown}
 e - 2 potions of lignification
 f - a potion of berserk rage {unknown}
 k - a potion of haste {unknown}
 q - a potion of might {unknown}
 r - 2 potions of mutation {unknown}
Comestibles
 c - 8 rations
 p - 5 chunks of flesh


   Skills:
 + Level 1.2 Fighting
 * Level 2.8 Dodging
 + Level 2.0 Stealth
 + Level 4.0 Unarmed Combat
 + Level 2.8 Spellcasting
 + Level 2.7 Transmutations
 + Level 0.4 Poison Magic


You had 3 spell levels left.
You knew the following spells:

 Your Spells              Type           Power        Failure   Level  Hunger
a - Beastly Appendage     Tmut           ##....       6%          1    #......
b - Sticks to Snakes      Tmut           ##......     10%         2    ##.....
c - Spider Form           Tmut/Pois      #.........   30%         3    ###....

Your spell library contained the following spells:

 Spells                   Type           Power        Failure   Level  Hunger
 Blade Hands              Tmut           ##........   86%         5    ######.
 Ice Form                 Ice/Tmut       #.......     73%         4    #####..


Dungeon Overview and Level Annotations

Branches:
Dungeon (3/15)

Altars:
Hepliaklqana
Xom

Annotations:
D:3 Grinder


Innate Abilities, Weirdness & Mutations

You cannot wear most types of armour.
You are very stealthy in the water. (Stealth+)
((You are amphibious.))
You can wear up to eight rings at the same time.
((You can use your tentacles to constrict eight enemies at once.))
((Your skin changes colour to match your surroundings (Stealth+).))
((Your rubbery body absorbs attacks. (AC +1, EV +1)))


Message History

It was a potion of lignification.
You turn into a tree.
Your roots penetrate the ground.
* * * LOW HITPOINT WARNING * * *
You feel sick.
There is a lethal amount of poison in your body!
* * * LOW HITPOINT WARNING * * *
You feel sick.
There are no items here.
* * * LOW HITPOINT WARNING * * *
You feel sick.
* * * LOW HITPOINT WARNING * * *
You feel sick.
* * * LOW HITPOINT WARNING * * *
You feel sick.
* * * LOW HITPOINT WARNING * * *
You feel sick.
Your magical contamination has completely faded away.
* * * LOW HITPOINT WARNING * * *
You feel sick.
You die...

######### ..
#.......###### ##.##
#♣#####......# #...#
####.# #...##.# #...#
#....# #.#.##.#####
#...# #.####
#.#........#
#...#########.##
#.####.###.#
#.........##.#.## #.# #
#...#####.#.###.# ...
..).......##.#.#####....
.......................


There were no monsters in sight!

Vanquished Creatures
  A worker ant (D:3)
  4 adders (D:2)
  3 gnolls (D:2)
  An ooze (D:2)
  2 worms (D:2)
  2 dart slugs
  3 bats
  A giant cockroach (D:3)
  4 goblins (D:1)
  10 hobgoblins
  2 jackals (D:1)
  2 frilled lizards
  3 kobolds (D:1)
  6 rats
44 creatures vanquished.

Vanquished Creatures (collateral kills)
  A gnoll (D:2)
1 creature vanquished.

Grand Total: 45 creatures vanquished

Notes
Turn   | Place    | Note
-------+----------+-------------------------------------------
     0 | D:1      | HANFGEIST the Octopode Transmuter began the quest for the Orb.
     0 | D:1      | Reached XP level 1. HP: 13/13 MP: 3/3
   232 | D:1      | Reached XP level 2. HP: 18/18 MP: 1/5
   755 | D:2      | Reached XP level 3. HP: 23/23 MP: 6/6
   759 | D:2      | Learned a level 2 spell: Sticks to Snakes
   763 | D:2      | Learned a level 3 spell: Spider Form
   776 | D:2      | Reached skill level 1 in Stealth
   868 | D:2      | Found a hazy altar of Hepliaklqana.
   873 | D:2      | Found a shimmering altar of Xom.
   873 | D:2      | Noticed a tentacled monstrosity
   876 | D:2      | Noticed a spectral ugly thing
   876 | D:2      | Noticed a tentacled monstrosity
  1036 | D:2      | Reached XP level 4. HP: 24/28 MP: 4/7
  1433 | D:2      | Reached skill level 4 in Unarmed Combat
  1452 | D:2      | Reached XP level 5. HP: 28/33 MP: 2/9
  1514 | D:3      | Noticed Grinder
  1716 | D:3      | HP: 2/49 [poisoned by a worker ant]
  1720 | D:3      | Succumbed to a worker ant's poison

Vault maps used:
D:1:      giann_bridges
D:2:      regret_index_temple_of_mockery
D:3:      lemuel_coloured_pillars_altar, uniq_grinder

Skill      XL: |  1  2  3  4  5 |
---------------+----------------+-----
Stealth        | 1 2 |  2.0
Unarmed Combat | 4 |  4.0
Fighting       | |  1.2
Dodging        | |  2.8
Spellcasting   | |  2.8
Transmutations | |  2.7
Poison Magic   | |  0.4

Action                   |  1- 3 |  4- 6 || total
-------------------------+-------+-------++-------
Melee: Unarmed           |    61 |    34 ||    95
       Constrict         |    18 |     5 ||    23
       Tentacles         |     9 |       ||     9
       Kick              |     4 |     3 ||     7
       Punch             |     1 |       ||     1
 Cast: Beastly Appendage |    13 |     4 ||    17
       Spider Form       |     2 |     6 ||     8
       Sticks to Snakes  |     1 |     3 ||     4
  Use: Potion            |       |     1 ||     1
 Stab: Sleeping          |     5 |     2 ||     7
       Distracted        |     1 |       ||     1
  Eat: Chunk             |     1 |    16 ||    17
Dodge: Dodged            |    32 |    25 ||    57

Table legend:
 A = Spawn XP
 B = Non-spawn XP
 C = Spawn XP percentage of total XP
 D = Spawn monster count
 E = Non-spawn monster count
 F = Spawn count percentage of total count
 G = Total turns spent on level
                    A         B        C        D         E        F      G
               +---------+---------+-------+---------+---------+-------+---------
         Total |       0 |     210 |   0.0 |       0 |      45 |   0.0 |  1720
               +---------+---------+-------+---------+---------+-------+---------
           D:1 |       0 |      33 |   0.0 |       0 |      20 |   0.0 |   772
           D:2 |       0 |     134 |   0.0 |       0 |      21 |   0.0 |   755
           D:3 |       0 |      43 |   0.0 |       0 |       4 |   0.0 |   193
               +---------+---------+-------+---------+---------+-------+---------
